Map: Catalyst LE

Players

MaNa - Winner!

  • Race: Protoss Protoss
  • Spawn Location: 11:00

Rex

  • Race: Zerg Zerg
  • Spawn Location: 5:00

Event: WCS Austin 2018

VOD

Have the link to the VOD?

Description

Time

  • Played on: June 1, 2018, 8:13 p.m.
  • Length: 7:25

All games in this series

Show
View Real Time Build Order
Export as new Build Order

MaNa Protoss - Winner!

Build Orders: 1 Gate Expand, Oracle Opening, Zealot Archon, Archon Drop 

Get SALT Encoding   

  12  0:00  Probe  
  13  0:12  Probe  
  14  0:18  Pylon  
  14  0:24  Probe  
  15  0:33  Probe  
  15  0:38  Assimilator  
  15  0:41  Probe  
  16  0:49  Gateway  
  17  0:51  Probe  
  18  1:00  Probe  
  19  1:08  Probe  
  19  1:11  Pylon  
  20  1:30  Nexus  
  20  1:41  Cybernetics Core  
  20  1:44  Probe  
  21  1:50  Assimilator  
  21  1:57  Pylon  
  21  2:00  Probe  
  22  2:11  Adept  
  22  2:12  Probe  
  23  2:18  Stargate  
  25  2:24  Probe  
  25  2:29  Warp Gate  
  25  2:30  Adept  
  25  2:37  Probe  
  25  2:42  Probe  
  29  2:49  Probe  
  30  2:54  Probe  
  31  2:59  Void Ray  
  31  3:01  Probe  
  32  3:06  Probe  
  37  3:13  Probe  
  37  3:18  Probe  
  39  3:22  Gateway  
  39  3:25  Probe  
  40  3:29  Stalker  
  40  3:30  Probe  
  43  3:36  Oracle  
  43  3:37  Probe, Pylon  
  44  3:43  Probe  
  46  3:54  Assimilator  
  46  3:55  Probe x2  
  48  3:56  Assimilator  
  48  4:07  Probe x2  
  48  4:09  Pylon  
  50  4:12  Robotics Facility  
  50  4:19  Probe  
  50  4:20  Oracle  
  54  4:27  Probe  
  55  4:31  Probe  
  55  4:33  Twilight Council  
  56  4:40  Probe  
  56  4:44  Probe  
  58  4:52  Probe  
  59  4:54  Gateway, Warp Prism  
  59  4:56  Gateway  
  59  4:57  Gateway  
  59  4:58  Pylon  
  59  5:03  Charge  
  61  5:11  Templar Archives  
  61  5:18  Zealot x2  
  65  5:41  Zealot  
  67  5:51  Pylon  
  67  5:52  Pylon  
  67  5:54  Pylon  
  67  6:00  Nexus  
  67  6:01  Pylon  
  67  6:06  Gateway, Forge  
  67  6:08  High Templar  
  67  6:09  High Templar x3  
  67  6:10  Zealot  
  77  6:13  Archon x2  
  77  6:15  Probe x2  
  79  6:18  Observer  
  80  6:27  Pylon, Probe x2  
  80  6:29  Immortal  
  82  6:39  Robotics Facility  
  86  6:42  Probe x2  
  88  6:50  Zealot, Sentry, Pylon  
  92  6:54  Probe x2  
  94  7:04  Zealot x3  
  94  7:06  Probe x2  
  102  7:11  Zealot  
  102  7:13  Probe  
  101  7:17  Zealot  
Show
View Real Time Build Order
Export as new Build Order

Rex Zerg 

Build Orders: Pool First 

Get SALT Encoding   

  12  0:00  Drone  
  13  0:13  Overlord  
  13  0:17  Drone  
  14  0:31  Drone  
  14  0:32  Drone  
  16  0:54  Drone, Extractor  
  16  0:55  Spawning Pool, Drone  
  16  0:59  Drone  
  17  1:23  Hatchery, Drone  
  17  1:40  Drone  
  17  1:42  Queen, Zergling x2  
  21  1:50  Overlord  
  21  1:57  Metabolic Boost  
  21  2:03  Drone  
  22  2:17  Drone x2  
  24  2:28  Hatchery  
  23  2:35  Queen  
  25  2:40  Zergling x2  
  25  2:43  Drone  
  27  2:50  Zergling x4  
  29  2:56  Drone x2  
  31  3:01  Drone  
  31  3:02  Drone  
  33  3:08  Drone  
  33  3:12  Overlord  
  34  3:23  Spore Crawler  
  32  3:30  Drone x7  
  40  3:34  Overlord  
  40  3:40  Queen  
  40  3:41  Drone  
  43  3:50  Overlord x2  
  43  3:55  Drone x3  
  46  4:00  Lair  
  46  4:03  Drone  
  46  4:04  Drone  
  46  4:08  Overlord  
  48  4:10  Drone  
  48  4:12  Drone  
  48  4:13  Drone  
  48  4:14  Drone  
  48  4:17  Drone  
  53  4:20  Extractor  
  53  4:21  Spore Crawler, Extractor  
  53  4:24  Spore Crawler  
  49  4:25  Drone  
  49  4:31  Overlord  
  49  4:34  Overlord  
  49  4:35  Drone x2  
  51  4:40  Drone  
  51  4:41  Drone  
  51  4:44  Queen  
  51  4:49  Drone x2  
  51  4:51  Drone x2  
  52  4:54  Drone x2  
  52  4:56  Drone  
  55  5:04  Drone  
  55  5:06  Roach Warren  
  55  5:07  Drone  
  55  5:10  Drone x2  
  55  5:11  Drone  
  55  5:14  Drone  
  60  5:25  Spore Crawler  
  59  5:31  Queen x2  
  57  5:45  Spore Crawler  
  56  5:52  Roach x6  
  56  5:53  Roach x2  
  72  5:58  Roach x2  
  72  6:02  Roach x2  
  80  6:06  Nydus Network  
  80  6:11  Queen  
  79  6:16  Overlord  
  79  6:17  Overlord  
  81  6:30  Overlord, Queen  
  81  6:41  Roach  
  81  6:42  Roach  
  85  6:51  Nydus Canal  
  84  6:56  Roach x2  
  84  6:57  Roach x2  
  84  6:58  Roach  
  84  6:59  Roach x2, Zergling x2  
  84  7:00  Roach x2, Zergling x4  
  104  7:14  Nydus Canal  
Tags
 
Add a new tag
Caveats
  • Supply blocks, unpowered buildings, or Contaminate may cause inaccurate times.
  • Supply counts are checked every 10 seconds.